Map: Ice and Chrome LE

Players

GunGFuBanDa

  • Race: Protoss Protoss
  • League: Master
  • Spawn Location: 1:00

BlyOnFire (Bly) - Winner!

  • Race: Zerg Zerg
  • Spawn Location: 7:00

Event: DreamHack SC2 Masters 2020 Summer Europe

VOD

Have the link to the VOD?

Description

Time

  • Played on: July 2, 2020, 12:59 p.m.
  • Length: 19:32

All games in this series

Show
View Real Time Build Order
Export as new Build Order

GunGFuBanDa Protoss 

Build Orders: Phoenix Opening 

Get SALT Encoding   

  12  0:00  Probe  
  13  0:12  Probe  
  14  0:17  Pylon  
  14  0:24  Probe  
  15  0:32  Probe  
  15  0:39  Gateway  
  15  0:40  Probe  
  16  0:49  Assimilator  
  17  0:51  Probe  
  18  1:03  Probe  
  19  1:15  Probe  
  19  1:17  Zealot  
  20  1:27  Cybernetics Core, Probe  
  20  1:30  Pylon  
  23  1:48  Probe  
  24  1:55  Adept  
  24  2:00  Probe  
  27  2:12  Probe  
  28  2:23  Assimilator  
  28  2:25  Nexus  
  28  2:26  Adept  
  30  2:36  Probe, Pylon  
  31  2:42  Warp Gate  
  31  2:54  Probe  
  32  3:09  Stargate, Probe  
  33  3:15  Pylon  
  33  3:19  Gateway  
  33  3:20  Probe  
  34  3:28  Probe  
  35  3:34  Probe  
  35  3:36  Probe  
  37  3:42  Probe  
  37  3:47  Probe  
  39  3:52  Phoenix, Probe  
  42  3:58  Gateway  
  42  3:59  Probe  
  43  4:04  Probe  
  43  4:08  Oracle  
  44  4:11  Probe, Pylon  
  44  4:16  Probe  
  49  4:20  Pylon  
  49  4:23  Probe  
  50  4:28  Probe  
  50  4:32  Adept x2  
  50  4:35  Oracle, Probe  
  50  4:36  Pylon  
  55  4:40  Probe  
  59  4:48  Probe  
  60  4:52  Probe  
  60  4:55  Nexus  
  60  4:56  Pylon  
  61  5:00  Adept x2  
  61  5:02  Adept  
  67  5:11  Probe x2  
  66  5:23  Probe  
  66  5:25  Probe  
  68  5:29  Zealot  
  69  5:36  Probe  
  69  5:38  Probe  
  71  5:43  Zealot x2  
  71  5:47  Probe  
  71  5:48  Probe  
  76  5:54  Nexus  
  76  5:55  Probe  
  76  5:56  Probe  
  71  5:57  Oracle  
  71  5:59  Stalker, Assimilator  
  71  6:00  Assimilator  
  71  6:03  Probe  
  70  6:05  Probe  
  70  6:10  Robotics Facility  
  72  6:12  Shield Battery  
  72  6:14  Pylon, Probe  
  73  6:22  Probe  
  74  6:26  Probe  
  74  6:28  Forge  
  74  6:29  Oracle  
  74  6:30  Sentry  
  77  6:34  Zealot x2  
  77  6:35  Pylon  
  77  6:37  Shield Battery  
  86  6:40  Protoss Ground Weapons Level 1  
  86  6:42  Gateway  
  86  6:43  Gateway  
  84  6:47  Immortal, Shield Battery  
  84  6:51  Probe  
  85  6:55  Probe  
  90  7:03  Probe  
  90  7:04  Twilight Council  
  91  7:11  Sentry, Zealot x2  
  91  7:12  Pylon  
  91  7:14  Probe  
  98  7:26  Immortal  
  100  7:36  Probe, Zealot  
  98  7:37  Zealot x2  
  98  7:40  Probe x2  
  103  7:44  Blink  
  103  7:45  Probe  
  103  7:49  Robotics Bay  
  103  7:52  Probe x2  
  103  7:56  Probe  
  103  7:58  Observer  
  106  8:04  Probe  
  106  8:05  Probe  
  109  8:08  Probe  
  109  8:09  Assimilator  
  109  8:12  Pylon  
  108  8:16  Probe  
  108  8:17  Probe  
  109  8:20  Probe  
  109  8:23  Immortal  
  109  8:26  Photon Cannon  
  114  8:27  Pylon  
  114  8:28  Probe  
  114  8:29  Probe  
  116  8:36  Sentry, Stalker x3  
  116  8:40  Assimilator, Phoenix  
  124  8:43  Gateway  
  124  8:44  Gateway  
  115  8:54  Photon Cannon  
  117  8:56  Stalker, Protoss Ground Weapons Level 2  
  117  9:04  Phoenix  
  117  9:08  Shield Battery  
  119  9:11  Probe  
  119  9:12  Probe  
  119  9:13  Photon Cannon  
  121  9:19  Stalker x2  
  121  9:20  Stalker, Colossus  
  133  9:27  Probe x2  
  131  9:36  Probe  
  132  9:39  Probe  
  131  9:47  Probe  
  131  9:48  Probe  
  131  9:51  Probe  
  131  9:52  Stalker  
  132  9:59  Probe  
  131  10:03  Probe x2  
  133  10:12  Probe  
  133  10:14  Observer, Pylon  
  132  10:15  Pylon  
  132  10:17  Photon Cannon  
  133  10:26  Photon Cannon  
  133  10:27  Charge, Pylon  
  133  10:29  Pylon  
  133  10:32  Probe x3  
  134  10:36  Nexus  
  134  10:37  Phoenix, Pylon  
  134  10:40  Stargate  
  136  10:43  Fleet Beacon  
  136  10:44  Probe x3  
  136  10:48  Warp Prism  
  136  10:49  Stalker x4  
  144  10:51  Stalker  
  144  10:53  Phoenix  
  147  11:18  Phoenix  
  147  11:25  Phoenix  
  149  11:28  Photon Cannon  
  149  11:31  Photon Cannon  
  149  11:32  Shield Battery  
  144  11:34  Protoss Air Weapons Level 1  
  144  11:39  Stalker x3  
  150  11:43  Phoenix  
  140  11:48  Probe  
  140  11:49  Colossus  
  140  11:51  Pylon  
  140  11:52  Probe  
  140  11:53  Photon Cannon  
  148  12:04  Probe  
  148  12:05  Assimilator  
  148  12:06  Probe  
  146  12:10  Assimilator  
  146  12:14  Probe  
  146  12:15  Phoenix  
  145  12:19  Anion Pulse-Crystals  
  145  12:22  Observer  
  137  12:25  Probe  
  138  12:33  Probe x2  
  138  12:35  Probe  
  141  12:37  Probe  
  141  12:40  Zealot x4  
  125  12:59  Probe  
  125  13:00  Probe x2  
  125  13:04  Probe  
  110  13:10  Stalker x5, Pylon  
  109  13:13  Probe x2  
  109  13:14  Probe  
  109  13:16  Probe  
  108  13:21  Probe  
  108  13:25  Probe  
  108  13:26  Probe  
  111  13:28  Probe  
  111  13:29  Probe  
  111  13:34  Phoenix x2  
  110  13:37  Sentry, Probe  
  110  13:38  Probe  
  110  13:39  Probe  
  110  13:40  Probe  
  117  13:45  Colossus  
  124  13:49  Probe  
  124  13:52  Probe  
  124  13:54  Probe  
  127  13:59  Shield Battery  
  127  14:00  Pylon  
  126  14:12  Probe  
  126  14:13  Sentry x2, Stalker  
  126  14:14  Stalker x2  
  133  14:18  Photon Cannon  
  133  14:20  Probe  
  134  14:28  Observer  
  134  14:30  Shield Battery  
  134  14:32  Photon Cannon  
  134  14:34  Dark Shrine  
  134  14:35  Colossus  
  134  14:39  Zealot  
  142  14:56  Stalker x6  
  154  15:02  Extended Thermal Lance  
  148  15:13  Probe  
  148  15:14  Probe  
  110  15:16  Probe x2  
  110  15:17  Zealot  
  116  15:21  Probe  
  116  15:22  Phoenix x2, Probe  
  116  15:28  Zealot, Probe x2  
  121  15:29  Probe  
  121  15:30  Zealot  
  122  15:46  Probe  
  123  15:52  Dark Templar x4  
  131  15:59  Photon Cannon  
  131  16:05  Dark Templar  
  131  16:09  Pylon  
  131  16:11  Probe  
  129  16:26  Stalker x6  
  131  16:37  Probe  
  129  16:43  Probe x2  
  129  16:45  Probe  
  139  16:54  Disruptor  
  139  16:58  Sentry  
  139  17:01  Photon Cannon  
  138  17:04  Tempest x2  
  138  17:08  Assimilator  
  148  17:22  Probe  
  147  17:25  Zealot  
  149  17:30  Pylon  
  149  17:39  Tempest x2  
  149  17:40  Photon Cannon  
  149  17:42  Nexus  
  155  18:04  Dark Templar  
  155  18:05  Zealot x6  
  167  18:19  Probe  
  158  18:21  Probe  
  158  18:22  Tempest  
  145  18:38  Stalker x4  
  137  18:52  Dark Templar  
  139  18:55  Templar Archives  
  139  18:57  Probe  
  139  18:58  Probe x2  
  95  19:17  Dark Templar  
Show
View Real Time Build Order
Export as new Build Order

BlyOnFire Zerg - Winner!

Build Orders: 3 Hatch before Pool, Muta Ling Bane 

Get SALT Encoding   

  12  0:01  Drone  
  13  0:12  Overlord  
  13  0:18  Drone  
  14  0:30  Drone x2  
  16  0:48  Hatchery  
  15  0:52  Drone  
  16  1:14  Drone  
  17  1:19  Hatchery  
  16  1:33  Spawning Pool  
  16  1:36  Drone, Extractor  
  15  1:44  Drone x2  
  17  1:52  Drone  
  18  1:58  Drone  
  18  2:01  Drone  
  20  2:07  Evolution Chamber  
  20  2:09  Drone  
  21  2:17  Overlord  
  21  2:20  Queen x2  
  26  2:24  Zergling x4  
  28  2:38  Drone  
  28  2:39  Drone, Metabolic Boost  
  30  2:46  Drone x2  
  32  2:52  Drone  
  32  2:55  Spore Crawler  
  32  3:00  Drone  
  34  3:11  Overlord  
  33  3:15  Drone  
  33  3:16  Drone  
  35  3:25  Queen  
  35  3:26  Hatchery  
  36  3:36  Zergling x8  
  36  3:38  Drone x3  
  43  3:48  Drone  
  43  3:51  Overlord  
  44  4:08  Overlord x2  
  44  4:10  Drone x4  
  44  4:11  Lair  
  44  4:17  Drone  
  48  4:32  Zergling x6  
  48  4:34  Overlord  
  48  4:37  Drone x3, Spore Crawler x2  
  52  4:39  Drone x4  
  52  4:42  Queen  
  52  4:44  Roach Warren, Queen  
  58  4:48  Drone  
  59  5:01  Overlord  
  59  5:02  Spore Crawler  
  59  5:03  Drone x7  
  59  5:05  Extractor  
  59  5:06  Extractor  
  63  5:08  Overlord  
  63  5:20  Zergling x12  
  67  5:26  Glial Reconstitution  
  65  5:31  Roach x4  
  65  5:32  Zergling x6  
  72  5:41  Zergling x6  
  67  5:55  Drone  
  67  5:56  Drone x3  
  64  6:01  Drone x2  
  62  6:06  Drone x2  
  64  6:12  Drone  
  65  6:19  Drone x2  
  67  6:27  Evolution Chamber  
  67  6:28  Drone x5  
  67  6:31  Extractor  
  70  6:36  Drone x3  
  72  6:47  Hatchery  
  72  6:48  Spire  
  72  6:49  Drone  
  72  6:50  Drone x4  
  74  6:56  Drone x7  
  81  7:01  Extractor  
  81  7:02  Extractor  
  81  7:04  Drone x2  
  81  7:08  Overlord x2  
  81  7:19  Overlord x2  
  81  7:25  Overlord  
  73  7:39  Drone x2  
  73  7:40  Drone x8  
  82  7:49  Overlord  
  82  7:52  Overlord  
  81  8:02  Mutalisk x8  
  94  8:17  Roach x7  
  104  8:29  Drone  
  104  8:31  Baneling Nest  
  104  8:33  Drone x10  
  108  8:42  Roach  
  108  8:47  Zerg Melee Weapons Level 1  
  108  8:48  Drone x6  
  116  9:06  Drone x3  
  116  9:07  Zerg Flyer Weapons Level 1  
  119  9:11  Drone x9  
  119  9:13  Extractor x2  
  119  9:17  Centrifical Hooks  
  126  9:20  Hatchery  
  126  9:23  Overlord  
  119  9:49  Mutalisk x13  
  137  9:54  Zergling x18  
  134  10:13  Roach x13  
  152  10:18  Spine Crawler  
  151  10:22  Overlord x6  
  151  10:30  Overlord  
  157  10:35  Hatchery, Roach x3  
  157  10:36  Ravager x2  
  157  10:42  Zerg Melee Weapons Level 2  
  158  10:54  Zergling x28  
  172  11:00  Overlord  
  172  11:11  Mutalisk x6, Infestation Pit  
  172  11:17  Spore Crawler  
  172  11:18  Mutalisk x2  
  182  11:21  Baneling x7  
  182  11:22  Overseer  
  179  11:50  Hive, Mutalisk  
  179  11:51  Mutalisk x4  
  179  11:52  Zergling x12  
  179  11:53  Zergling x12  
  200  11:55  Overlord  
  200  11:58  Overlord  
  200  12:00  Overlord  
  200  12:02  Overlord  
  190  12:26  Baneling x12  
  190  12:27  Baneling x10  
  190  12:31  Zergling x2  
  190  12:32  Zergling x18  
  190  12:36  Baneling x5  
  200  12:42  Overlord  
  200  12:46  Overlord  
  166  13:02  Zergling x54  
  166  13:03  Hatchery  
  177  13:14  Corruptor x4  
  180  13:24  Zergling x16  
  169  13:39  Viper x2  
  175  13:42  Corruptor x4  
  175  13:47  Baneling x7  
  180  14:06  Zergling x20  
  187  14:18  Greater Spire  
  187  14:21  Drone x3, Spore Crawler  
  187  14:23  Spine Crawler  
  188  14:30  Corruptor x6  
  200  14:35  Baneling x9  
  200  14:36  Baneling x10  
  199  14:51  Baneling x5  
  199  14:53  Overseer  
  199  14:54  Overseer  
  199  14:55  Overlord  
  184  15:12  Zergling x2  
  184  15:13  Zergling x28  
  175  15:20  Zergling x40  
  171  15:32  Baneling  
  171  15:33  Baneling x13  
  171  15:34  Corruptor  
  171  15:35  Corruptor  
  162  15:56  Corruptor x7  
  166  16:03  Baneling x3  
  176  16:16  Infestor x2  
  178  16:28  Brood Lord x6  
  182  16:38  Zergling x28  
  190  16:42  Roach x2  
  194  16:47  Baneling x9, Overseer  
  194  16:49  Overseer  
  194  16:59  Spine Crawler  
  194  17:01  Pneumatized Carapace  
  193  17:07  Brood Lord x2  
  189  17:17  Baneling  
  189  17:20  Baneling x8  
  189  17:32  Adrenal Glands  
  189  17:33  Zergling x20  
  196  17:44  Extractor  
  196  17:45  Extractor  
  196  17:48  Baneling x6  
  194  18:00  Hatchery  
  193  18:07  Spine Crawler x3  
  193  18:08  Overseer  
  190  18:13  Zergling x22, Spine Crawler  
  190  18:14  Spine Crawler  
  190  18:16  Spine Crawler  
  167  18:35  Zergling x32  
  182  18:44  Viper  
  182  18:46  Spore Crawler  
  183  18:53  Baneling  
  183  18:56  Zergling x26  
Tags
 
Add a new tag
Caveats
  • Supply blocks, unpowered buildings, or Contaminate may cause inaccurate times.
  • Supply counts are checked every 10 seconds.